 Dungeon Crawl Stone Soup version 0.32-a0-918-g0f22ef8d61 (webtiles) character file.

Game seed: 11255066699651447644

54 ezpacito the Trooper (level 3, 0/29 HPs)
             Began as a Coglin Chaos Knight on Apr 11, 2024.
             Was a Plaything of Xom.
             Slain by Terence
             ... wielding a +0 morningstar
              (11 damage)
             ... on level 2 of the Dungeon.
             The game lasted 00:01:09 (1100 turns).

ezpacito the Trooper (Coglin Chaos Knight)          Turns: 1100, Time: 00:01:10

Health: 0/29       AC:  8    Str: 13    XL:     3   Next: 91%
Magic:  3/3        EV:  6    Int: 10    God:    Xom [....*.]
Gold:   73         SH:  0    Dex: 17    Spells: 3/3 levels left

rFire   . . .        a - +0 hand axe (chaos) {Jin}
rCold   . . .        l - staff of death {Servius}
rNeg    + . .        d - +0 chain mail
rPois   .            (no helmet)
rElec   .            (no cloak)
rCorr   .            (no gloves)
SInv    .            (no boots)
Will    .....        (amulet unavailable) Stlth
                     (ring unavailable)
HPRegen 1.04/turn    (ring unavailable)
MPRegen 0.08/turn    (no gizmo)

%: no passive effects
@: revved
A: off-hand wielding, slow wielding, warmup strikes, no jewellery, agile 1,
regeneration 1
a: Invent Gizmo, Renounce Religion


You were on level 2 of the Dungeon.
You worshipped Xom.
You were a beloved toy of Xom.
You visited 1 branch of the dungeon, and saw 2 of its levels.

You collected 73 gold pieces.

Inventory:

Hand Weapons
 a - a +0 hand axe of chaos (weapon) {Jin}
Armour
 d - a +0 chain mail (worn)
Magical Staves
 l - a staff of death (offhand) {Servius}
Scrolls
 c - a scroll of butterflies
 g - a scroll of enchant armour {unknown}
 h - 2 scrolls of identify {unknown}
 i - a scroll of fog {unknown}
 j - a scroll of teleportation {unknown}
Potions
 e - a potion of degeneration {unknown}
 f - 2 potions of mutation {unknown}
 k - a potion of cancellation {unknown}


   Skills:
 * Level 3.3 Fighting
 * Level 3.3(3.4) Axes
 * Level 1.0(2.1) Polearms
 * Level 2.1 Armour
 * Level 1.3 Dodging
 + Level 0.3 Stealth
 + Level 0.6 Spellcasting


You had 3 spell levels left.
You didn't know any spells.
Your spell library contained the following spells:

 Spells                   Type           Power      Damage    Failure   Level
 Slow                     Hex            0%         N/A       100%        1
 Confusing Touch          Hex            0%         N/A       100%        3
 Vampiric Draining        Necr           0%         2d6       100%        3


Dungeon Overview and Level Annotations

Branches:
Dungeon (2/15)

Altars:

Annotations:
D:2 Terence


Innate Abilities, Weirdness & Mutations

You can wield a second weapon in your off-hand.
It takes a long time for you to wield or remove held weapons.
Your first few attacks do less damage.
You cannot equip rings or amulets.
You are agile. (Dex +4, Str/Int -1)
Your natural rate of healing is unusually fast.


Message History

You barely miss Terence with your staff of death.
You closely miss Terence with your +0 hand axe of chaos.
Terence hits you with a +0 morningstar.
You take 2 damage, and have 27/29 hp.
You hit Terence with your +0 hand axe of chaos.
Terence is poisoned.
Terence is lightly wounded.
You hit Terence but do no damage. Terence hits you but does no damage.
You hit Terence but do no damage.
Terence is lightly wounded.
You hit Terence but do no damage. Terence hits you with a +0 morningstar!
You take 7 damage, and have 21/29 hp.
MASSIVE DAMAGE!!
You hit Terence with your +0 hand axe of chaos.
Terence is moderately wounded.
You hit Terence but do no damage. Terence barely misses you.
You regained 2 hp, and now have 23/29 hp.
You hit Terence with your +0 hand axe of chaos.
Terence looks as sick as possible!
Terence is moderately wounded.
You hit Terence but do no damage. Terence hits you but does no damage.
You barely miss Terence with your +0 hand axe of chaos.
Terence is heavily wounded.
You hit Terence but do no damage. Terence hits you with a +0 morningstar!
You take 7 damage, and have 17/29 hp.
MASSIVE DAMAGE!!
You are too injured to fight recklessly!
You are too injured to fight recklessly!
You are too injured to fight recklessly!
You are too injured to fight recklessly!
You hit Terence with your staff of death.
Terence is severely wounded.
You closely miss Terence with your +0 hand axe of chaos.
Terence hits you with a +0 morningstar!
You take 7 damage, and have 10/29 hp.
MASSIVE DAMAGE!!
You hit Terence but do no damage.
Terence is almost dead.
You closely miss Terence with your +0 hand axe of chaos.
Terence hits you with a +0 morningstar!
You die...
Terence says, "That felt goooood." "What!?
That's it?"

..##.###
......#
.>.#.#
#....#
#....#
#....#
#....#
#.@@<#
#....#
#.##.#
#. ..# #
###


You could see Terence (very poisoned).

Vanquished Creatures
  A gnoll (D:1)
  A dart slug (D:1)
  2 bats (D:1)
  4 endoplasms (D:1)
  6 goblins (D:1)
  4 hobgoblins (D:1)
  6 jackals (D:1)
  3 kobolds (D:1)
  A quokka (D:1)
  2 ball pythons (D:1)
  3 frilled lizards (D:1)
  3 rats (D:1)
36 creatures vanquished.

Vanquished Creatures (others)
  A goblin zombie (D:1)
1 creature vanquished.

Grand Total: 37 creatures vanquished

Notes
Turn   | Place    | Note
-------+----------+-------------------------------------------
     0 | D:1      | ezpacito the Coglin Chaos Knight began the quest for the
                  | Orb.
     0 | D:1      | Reached XP level 1. HP: 18/18 MP: 1/1
    44 | D:1      | XOM: potion effect (invisibility)
    77 | D:1      | Reached skill level 1 in Dodging
    81 | D:1      | Reached XP level 2. HP: 22/24 MP: 2/2
   142 | D:1      | XOM: confusion
   303 | D:1      | Reached XP level 3. HP: 29/29 MP: 3/3
   753 | D:1      | Reached skill level 1 in Polearms
   836 | D:1      | XOM: give mutations
   836 | D:1      | Gained mutation: You are agile. (Dex +4, Str/Int -1) [Xom's
                  | mischief]
   836 | D:1      | Gained mutation: Your natural rate of healing is unusually
                  | fast. [Xom's mischief]
   941 | D:1      | XOM: summons 1 hostile demon
  1091 | D:2      | Noticed Terence
  1100 | D:2      | Slain by Terence

Illustrated notes

Levels and vault maps discovered:
D:1:      saegor_arrival_fortress, layout_basic, st_stairs_4, minmay_door_square
D:2:      layout_basic, shapermc_ecumenical_altar_petra, uniq_terence

Skill      XL: |  1  2  3 |
---------------+----------+-----
Dodging        | 1 |  1.3
Armour         | 2 |  2.1
Polearms       | 1 |  1.0
Fighting       | |  3.3
Axes           | |  3.3
Stealth        | |  0.3
Spellcasting   | |  0.6

Action                     || total
---------------------------++-------
  Melee: Dagger            ||    68
         Hand axe          ||    75
         Staff             ||     8
   Stab: Sleeping          ||     1
         Distracted        ||     1
 Armour: Leather armour    ||    46
         Chain mail        ||     7
  Dodge: Dodged            ||    32

Table legend: (Time is in decaauts)
 A = Elapsed time spent in this place.
 B = Non-inter-level travel time spent in this place.
 C = Inter-level travel time spent in this place.
 D = Time resting spent in this place.
 E = Time spent auto-exploring this place.
 F = Levels seen in this place.
 G = Mean time per level.
                   A        B        C        D        E       F      G
               +--------+--------+--------+--------+--------+-----+--------+
         Total |   1106 |   1039 |     67 |      0 |    821 |   2 |  553.0 |
       Dungeon |   1106 |   1039 |     67 |      0 |    821 |   2 |  553.0 |
               +--------+--------+--------+--------+--------+-----+--------+

Top non-repeatable levels by time:
     D:1: 1096 daAuts
     D:2: 9 daAuts
